 Dungeon Crawl Stone Soup version 0.21.1-1-g345015f (webtiles) character file.

21 Kairos the Digger (level 2, 10/15 HPs)
             Began as a Gargoyle Earth Elementalist on Mar 27, 2018.
             Got out of the dungeon alive.
             The game lasted 00:01:58 (979 turns).

Kairos the Digger (Gargoyle Earth Elementalist)      Turns: 979, Time: 00:01:59

Health: 10/15      AC:  5    Str: 11    XL:     2   Next: 83%
Magic:  5/5        EV: 11    Int: 15    God:
Gold:   23         SH:  0    Dex: 10    Spells: 4/5 levels left

rFire    . . .     SeeInvis .   f - +0 whip
rCold    . . .     Gourm    .   (no shield)
rNeg     + . .     Faith    .   a - +0 leather armour (curse)
rPois    ∞         Spirit   .   (no helmet)
rElec    +         Reflect  .   (no cloak)
rCorr    .         Harm     .   (no gloves)
MR       .....                  (no boots)
Stlth    ++........             (no amulet)
HPRegen  0.05/turn              (no ring)
MPRegen  0.09/turn              (no ring)

@: no status effects
A: negative energy resistance 1, electricity resistance, unbreathing,
petrification resistance, rot immunity, AC +2
a: no special abilities


You escaped.
You were not hungry.

You visited 1 branch of the dungeon, and saw 1 of its levels.

You collected 23 gold pieces.

Inventory:

Hand Weapons
 f - a +0 whip (weapon)
Missiles
 b - 24 stones (quivered)
 g - 36 sling bullets
Armour
 a - a cursed +0 leather armour (worn)
 c - a +0 robe
 h - a +2 ring mail of fire resistance
Scrolls
 i - a scroll of teleportation {unknown}
Books
 e - a book of Geomancy

   Spells                             Type                      Level
   a - Sandblast                      Earth                        1
   b - Passwall                       Transmutation/Earth          2
   c - Stone Arrow                    Conjuration/Earth            3
   d - Petrify                        Transmutation/Earth          4
   e - Lee's Rapid Deconstruction     Earth                        5
Comestibles
 d - 3 rations


   Skills:
 + Level 0.1 Fighting
 + Level 0.2 Maces & Flails
 + Level 0.8 Armour
 + Level 1.9 Dodging
 + Level 2.2 Stealth
 + Level 2.1 Spellcasting
   Level 0.7 Transmutations
 + Level 4.0 Earth Magic


You had 4 spell levels left.
You knew the following spells:

 Your Spells              Type           Power        Failure   Level  Hunger
a - Sandblast             Erth           ##....       5%          1    #......


Dungeon Overview and Level Annotations

Branches:
Dungeon (1/15)

Altars:


Innate Abilities, Weirdness & Mutations

You are resistant to torment.
Your stone body is resilient. (AC +2)
You are immune to poison.
You resist negative energy. (rN+)
You are resistant to electric shocks. (rElec)
You can survive without breathing.
You are immune to petrification.
You are immune to rotting.


Message History

You kill the rat!
No target in view!
No target in view!
No target in view!
No target in view!
No target in view!
No target in view!
No target in view!
No target in view!
No target in view!
No target in view!
No target in view!
No target in view!
No target in view!
As you open the door, it creaks loudly!
There is an open door here.
There is an open door here.
There is a staircase leading out of the dungeon here.
Are you sure you want to leave the Dungeon?
This will make you lose the game!
You have escaped!

#...#.#.#..'......# #####....##
........####......##############
#.###......................#
...........................######
........########'########..##....
.#......####.........####..##.###
........##...8.....8...##..##.###
##.#....#..8...#'#...8..#..##.#..
...#....+.....##@##.....+..##.#..
####....+.....##>##.....+..##.###
####....#..8...#+#...8..#..#....#
#.......##...8.....8...##..#..#.#
.....#..####.........####..#..#.#
#.####..########'########..#..#.#
#'# #.....................#..#.#
... #.....................#..#.#
...# #.#####################..#.#


There were no monsters in sight!

Vanquished Creatures
  A dart slug (D:1)
  A leopard gecko (D:1)
  3 bats (D:1)
  3 giant cockroaches (D:1)
  3 hobgoblins (D:1)
  A ball python (D:1)
  2 frilled lizards (D:1)
  3 rats (D:1)
17 creatures vanquished.

Notes
Turn   | Place    | Note
-------+----------+-------------------------------------------
     0 | D:1      | Kairos the Gargoyle Earth Elementalist began the quest for the Orb.
     0 | D:1      | Reached XP level 1. HP: 10/10 MP: 3/3
   331 | D:1      | Reached XP level 2. HP: 5/15 MP: 1/5
   756 | D:1      | Reached skill level 4 in Earth Magic
   979 | D:$      | Got out of the dungeon alive.

Skill      XL: |  1  2 |
---------------+-------+-----
Earth Magic    | 4 |  4.0
Fighting       | |  0.1
Maces & Flails | |  0.2
Armour         | |  0.8
Dodging        | |  1.9
Stealth        | |  2.2
Spellcasting   | |  2.1
Transmutations | |  0.7

Action                   || total
-------------------------++-------
Melee: Unarmed           ||     4
       Whip              ||    55
 Cast: Sandblast         ||     6
 Stab: Sleeping          ||     1
Armor: Leather armour    ||    22
       Robe              ||     1
Dodge: Dodged            ||    39
